 Dungeon Crawl Stone Soup version 0.27-a0-1101-ge311f74bc8 (webtiles) character file.

Game seed: 2266136759673026194

109 wewepker the Skirmisher (level 4, -2/41 HPs)
             Began as a Minotaur Berserker on Apr 28, 2021.
             Was a Believer of Trog.
             Slain by a wyvern (4 damage)
             ... on level 3 of the Dungeon.
             The game lasted 00:04:31 (2549 turns).

wewepker the Skirmisher (Minotaur Berserker)        Turns: 2549, Time: 00:04:32

Health: -2/41      AC: 11    Str: 22    XL:     4   Next: 59%
Magic:  3/3        EV:  4    Int:  4    God:    Trog [**....]
Gold:   23         SH:  7    Dex: 10    Spells: 3/3 levels left

rFire    . . .     SeeInvis +   a - +0 hand axe
rCold    . . .     Faith    .   s - +0 kite shield
rNeg     . . .     Spirit   .   o - +0 plate armour
rPois    .         Reflect  .   (helmet restricted)
rElec    .         Harm     .   (no cloak)
rCorr    .         Rampage  .   (no gloves)
Will     .....                  (no boots)
Stlth    ..........             (no amulet)
HPRegen  0.13/turn              j - ring of see invisible
MPRegen  0.08/turn              (no ring)

@: no status effects
A: horns 2, retaliatory headbutt
a: Renounce Religion, Berserk, Trog's Hand


You were on level 3 of the Dungeon.
You worshipped Trog.
Trog was pleased with you.
You visited 1 branch of the dungeon, and saw 3 of its levels.

You collected 23 gold pieces.

Inventory:

Hand Weapons
 a - a +0 hand axe (weapon)
Armour
 o - a +0 plate armour (worn)
 s - a +0 kite shield (worn)
Jewellery
 j - a ring of see invisible (left hand)
Scrolls
 c - 4 scrolls of identify {unknown}
 e - a scroll of teleportation {unknown}
 f - 2 scrolls of enchant weapon {unknown}
 h - a scroll of amnesia {unknown}
 l - a scroll of magic mapping {unknown}
 n - a scroll of summoning {unknown}
Potions
 g - a potion of curing {unknown}
 k - 2 potions of haste {unknown}
 m - a potion of magic {unknown}
 p - a potion of berserk rage {unknown}
 q - a potion of mutation {unknown}
 r - a potion of flight {unknown}


   Skills:
 + Level 4.8 Fighting
 + Level 4.7 Axes
 + Level 3.6 Armour
 + Level 2.6 Dodging


You had 3 spell levels left.
You didn't know any spells.
Your spell library was empty.

Dungeon Overview and Level Annotations

Branches:
Dungeon (3/15)

Altars:


Innate Abilities, Weirdness & Mutations

You have a pair of horns on your head.
You reflexively headbutt those who attack you in melee.


Message History

The goblin hits you but does no damage.
There are monsters nearby!
The goblin hits you but does no damage. The goblin hits you with a +0 dagger.
The adder barely misses you. You furiously retaliate!
You headbutt the adder! You block the adder's attack.
You hit the adder.
You kill the adder!
Trog accepts your kill. The goblin hits you but does no damage.
You slash the goblin!
You kill the goblin!
Trog accepts your kill.
Things that are here:
a +0 dagger; an adder corpse
Found a stone staircase leading down.
You now have 23 gold pieces (gained 4).
There is a stone staircase leading down here.
There is a stone staircase leading down here.
A wyvern comes into view.
The wyvern hisses angrily.
A wyvern is nearby!
A wyvern is nearby!
A wyvern is nearby!
You block the wyvern's attack.
The wyvern bites you but does no damage.
You see here a staff of conjuration.
The wyvern bites you. The wyvern bites you!
You hit the wyvern but do no damage. You headbutt the wyvern!
The wyvern is heavily wounded.
The wyvern bites you! x2
* * * LOW HITPOINT WARNING * * *
You hit the wyvern but do no damage.
The wyvern is heavily wounded.
The wyvern bites you but does no damage.
The wyvern bites you!
* * * LOW HITPOINT WARNING * * *
You hit the wyvern. Your headbutt misses the wyvern.
The wyvern is heavily wounded.
The wyvern bites you.
You die...

#.###...###..# #.#
#..)...............
#.##....####..##.##
####....# #.##.#
#....# #..#.#
#.#.## #.#.# #.#.#
#...#
#.#.########.|###
#.#..........@l.#
#.##########..#.# #
#.>#.# ##.# ##.#.#
...# #.#.# #######
#.#.# ......# #.#.#
#####.# #.#.#
......# #.#


You could see a wyvern.

Vanquished Creatures
  5 adders
  A worm (D:2)
  2 dart slugs
  An orc (D:3)
  4 bats
  3 endoplasms
  9 goblins
  4 hobgoblins
  6 jackals
  3 kobolds
  3 quokkas
  9 ball pythons
  A frilled lizard (D:3)
  4 rats
55 creatures vanquished.

Notes
Turn   | Place    | Note
-------+----------+-------------------------------------------
     0 | D:1      | wewepker the Minotaur Berserker began the quest for the
                  | Orb.
     0 | D:1      | Reached XP level 1. HP: 19/19 MP: 0/0
   315 | D:1      | Reached XP level 2. HP: 24/27 MP: 1/1
   979 | D:2      | Reached XP level 3. HP: 25/33 MP: 2/2
  1232 | D:2      | Reached ** piety under Trog
  1558 | D:2      | Found a faded altar of an unknown god.
  1960 | D:2      | Reached XP level 4. HP: 33/41 MP: 3/3
  2543 | D:3      | Noticed a wyvern
  2548 | D:3      | HP: 2/41 [wyvern (7)]
  2549 | D:3      | Slain by a wyvern

Illustrated notes

Levels and vault maps discovered:
D:1:      dpeg_arrival_long_road, layout_basic
D:2:      layout_loops_ring, chequers_ecumenical_altar_simple_redux
D:3:      layout_basic, amcnicky_mini_rare_corridor_liquid

Skill      XL: |  1  2  3 |
---------------+----------+-----
Fighting       | 4 |  4.8
Axes           | 4 |  4.7
Armour         | 3 |  3.6
Dodging        | |  2.6

Action                   |  1- 3 |  4- 6 || total
-------------------------+-------+-------++-------
Melee: Hand axe          |    67 |    32 ||    99
       Headbutt          |    13 |     4 ||    17
Armor: Ring mail         |    37 |       ||    37
       Animal skin       |     1 |       ||     1
       Plate armour      |     7 |    23 ||    30
Dodge: Dodged            |    58 |    16 ||    74
Block: Kite shield       |       |     2 ||     2

Table legend: (Time is in decaauts)
 A = Elapsed time spent in this place.
 B = Non-inter-level travel time spent in this place.
 C = Inter-level travel time spent in this place.
 D = Time resting spent in this place.
 E = Time spent auto-exploring this place.
 F = Levels seen in this place.
 G = Mean time per level.
                   A        B        C        D        E       F      G
               +--------+--------+--------+--------+--------+-----+--------+
         Total |   2557 |   2504 |     53 |      0 |   1586 |   3 |  852.3 |
       Dungeon |   2557 |   2504 |     53 |      0 |   1586 |   3 |  852.3 |
               +--------+--------+--------+--------+--------+-----+--------+

Top non-repeatable levels by time:
     D:2: 1102 daAuts
     D:1: 960 daAuts
     D:3: 495 daAuts
